 Dungeon Crawl Stone Soup version 0.30-a0-553-g7fabdf1491 (webtiles) character file.

Game seed: 9129133159705831092

40461 jfcaron the Destroyer (level 14, -7/124 HPs)
             Began as a Meteoran Earth Elementalist on Dec 26, 2022.
             Was a High Priest of Vehumet.
             Mangled by a death yak (12 damage)
             ... on level 5 of the Lair of Beasts on Dec 27, 2022.
             The game lasted 00:50:27 (5521 turns).

jfcaron the Destroyer (Meteoran Earth Elementalist) Turns: 5521, Time: 00:50:28

Health: -7/124     AC:  4    Str: 10    XL:     14   Next: 85%
Magic:  16/24      EV: 18    Int: 26    God:    Vehumet [*****.]
Gold:   607        SH:  6    Dex: 16    Spells: 10/25 levels left

rFire   + . .      SeeInvis +    z - +4 dagger "Morg" {pain, Will+ Int+5}
rCold   . . .      Faith    .    r - +0 buckler
rNeg    . . .      Spirit   .    w - +1 steam dragon scales
rPois   .          Reflect  .    G - +0 helmet
rElec   .          Harm     .    C - +0 cloak
rCorr   .          Rampage  .    (no gloves)
Will    ++...                    (no boots)
Stlth   +                        x - amulet of regeneration
HPRegen 1.20/turn                f - ring of see invisible
MPRegen 0.19/turn                H - ring of protection from fire

@: corroded, glowing
A: sense surroundings 2, otherworldly, glowing, explore regen
a: Renounce Religion


You were on level 5 of the Lair of Beasts.
You worshipped Vehumet.
Vehumet was extremely pleased with you.
You visited 3 branches of the dungeon, and saw 15 of its levels.
You also visited: Sewer.

You collected 607 gold pieces.

Inventory:

Hand Weapons
 p - a +2 whip of venom
 y - a +4 flail of freezing
 z - the +4 dagger "Morg" (weapon) {pain, Will+ Int+5}
   (You found it on level 6 of the Dungeon)

   In the hands of one skilled in necromantic magic, it inflicts extra damage on
   living creatures.
   Int:       It affects your intelligence (+5).
   Will:      It increases your willpower.
 I - a +0 scimitar of flaming
Missiles
 j - 19 poisoned darts
 F - 3 javelins
Armour
 o - a +0 kite shield
 r - a +0 buckler (worn)
 w - +1 steam dragon scales (worn)
 C - a +0 cloak (worn)
 G - a +0 helmet (worn)
Jewellery
 f - a ring of see invisible (left hand)
 h - an amulet of guardian spirit
 s - a ring of fire
 x - an amulet of regeneration (around neck)
 H - a ring of protection from fire (right hand)
 J - a +6 ring of strength
Wands
 g - a wand of light (15)
 v - a wand of flame (4)
 K - a wand of polymorph (4)
 M - a wand of paralysis (12)
 O - a wand of mindburst (10)
Scrolls
 c - 4 scrolls of vulnerability
 e - a scroll of enchant armour
 i - 3 scrolls of fog
 l - 3 scrolls of enchant weapon
 q - 3 scrolls of teleportation
 t - a scroll of immolation
 P - a scroll of poison {unknown}
Potions
 a - a potion of heal wounds
 b - 3 potions of magic
 d - 3 potions of might
 k - 3 potions of brilliance
 m - 2 potions of degeneration
 n - 4 potions of curing
 u - 2 potions of invisibility
 A - a potion of mutation
 B - a potion of berserk rage
 E - 3 potions of haste
 L - a potion of resistance {unknown}


   Skills:
 + Level 11.3 Fighting
 - Level 12.0 Dodging
 - Level 2.0 Stealth
 - Level 7.0 Shields
 + Level 6.1 Spellcasting
 - Level 14.0 Conjurations
 - Level 3.0 Transmutations
 - Level 7.0 Fire Magic
 - Level 14.0 Earth Magic
 - Level 5.0 Evocations


You had 10 spell levels left.
You knew the following spells:

 Your Spells              Type           Power      Damage    Failure   Level
a - Sandblast             Erth           100%       2d20      1%          1
b - Passwall              Tmut/Erth      42%        N/A       1%          2
c - Stone Arrow           Conj/Erth      100%       3d13      1%          3
d - Petrify               Tmut/Erth      51%        N/A       2%          4
e - Magic Dart            Conj           100%       1d8       1%          1
f - Flame Wave            Conj/Fire      58%        2d14      1%          4

Your spell library contained the following spells:

 Spells                   Type           Power      Damage    Failure   Level
 Poisonous Vapours        Pois/Air       14%        N/A       3%          2
 Sting                    Tmut/Pois      60%        1d6       4%          1
 Necrotise                Necr           28%        1d5       9%          1
 Olgreb's Toxic Radiance  Pois           7%         N/A       22%         4
 Ozocubu's Armour         Ice            7%         N/A       26%         3
 Vampiric Draining        Necr           7%         2d6       26%         3
 Cause Fear               Hex            3%         N/A       65%         4
 Agony                    Necr           7%         N/A       94%         5
 Metabolic Englaciation   Hex/Ice        3%         N/A       94%         5
 Simulacrum               Ice/Necr       3%         N/A       100%        6
 Dragon Form              Tmut           11%        N/A       100%        7
 Dragon's Call            Summ           3%         N/A       100%        9


Dungeon Overview and Level Annotations

Branches:
Dungeon (9/15) Zot: 1701   Temple (1/1) D:4 Zot: 583    Lair (5/5) D:9 Zot: 1388
  Swamp (0/4) Lair:3        Snake (0/4) Lair:2        Sewer (visited)
  Slime: Lair:4-5       Orc: D:9-12

Altars:
Ashenzari
Cheibriados
Elyvilon
Gozag
Hepliaklqana
Kikubaaqudgha
Makhleb
Nemelex Xobeh
Okawaru
Sif Muna
Vehumet
Wu Jian
Yredelemnul

Annotations:
Lair:5 exclusion: oklob plant


Innate Abilities, Weirdness & Mutations

You passively map the area around you.
You are easily found by Zot.
You glow in the dark.
You regain HP and MP as you explore.


Message History

A wave of flame ripples out!
The flame wave engulfs the death yak!
The death yak is heavily wounded.
The flame wave engulfs the death yak.
The death yak is almost dead.
The flame wave engulfs the death yak!
The death yak is heavily wounded.
The flame wave engulfs the death yak.
The death yak is heavily wounded.
The flame wave engulfs the oklob plant.
The oklob plant is heavily damaged.
You block the death yak's attack. The death yak gores you.
* * * LOW HITPOINT WARNING * * *
A wave of flame ripples out!
The flame wave engulfs the death yak!
The death yak is severely wounded.
The flame wave engulfs the death yak!!
You kill the death yak!
Vehumet accepts your kill.
The flame wave engulfs the death yak!
The death yak is heavily wounded.
The flame wave engulfs the death yak.
The death yak is heavily wounded.
The flame wave engulfs the oklob plant!
The oklob plant is severely damaged.
The flame wave engulfs the plant!
The plant is lightly damaged.
You hear a trumpeting! x2
A nearby plant withers and dies.
The death yak gores you!!
* * * LOW HITPOINT WARNING * * *
The oklob plant spits acid at you. You block the splash of acid.
The death yak gores you!
* * * LOW HITPOINT WARNING * * *
The death yak barely misses you.
Your Spellcasting skill increases to level 6!
Unknown command.
As you read the scroll of fear, it crumbles to dust.
You assume a fearsome visage.
The death yak easily resists.
The death yak looks frightened!
The death yak resists with almost no effort.
The oklob plant is unaffected.
The death yak gores you!
You die...

, ,, , ,* , , , .....P#
.., * ,, .....##.. ,,
** , .....$...,, *
###..) ........., *
......## #......, *
.....P# #P...# * * ,
*#....######†Y.## * *
###.....P#..#@Y..# *
#........P...Y#..### *
* ##.#........#.......
##P......[............
**
#.......#P..#.#..##...,
##P....#####.#.### ..,,
#......# ##### . *
#...P..# * , #..P#.## ,
,


You could see 3 death yaks and an oklob plant.

Vanquished Creatures
  Gastronok (Lair:2)
  6 hydras
  2 two-headed ogres (D:8)
  5 death yaks
  A bog body (Lair:3)
  An oklob plant (Lair:4)
  10 elephants
  5 black mambas
  Maggie (D:6)
  14 cane toads
  An efreet (D:9)
  6 komodo dragons
  2 rime drakes
  3 polar bears
  3 tyrant leeches (Lair:5)
  Prince Ribbit (D:7)
  25 blink frogs
  4 dream sheep (Lair:4)
  3 spriggans (Lair:1)
  A wraith (D:6)
  A shadow (D:9)
  A wyvern (Lair:4)
  3 basilisks
  26 yaks
  Eustachio (D:6)
  4 vampire mosquitoes (Lair:5)
  2 nagas (Lair:2)
  11 water moccasins
  2 orc warriors
  A centaur (D:5)
  13 wolves
  3 phantoms (D:5)
  Blork the orc (D:6)
  3 necrophages (D:6)
  7 kobold brigands
  13 bullfrogs
  3 scorpions
  7 wights (D:6)
  12 killer bees
  3 electric eels
  3 howler monkeys (D:7)
  6 hounds
  A centaur skeleton (D:6)
  6 orc priests
  2 jellies (D:5)
  Ijyb (D:3)
  Natasha (twice) (D:3)
  7 iguanas
  6 orc wizards
  A spectral killer bee (D:6)
  A killer bee zombie (D:6)
  A gnoll (D:4)
  10 adders
  4 river rats (Sewer)
  A white imp (D:6)
  A howler monkey simulacrum (D:6)
  2 ufetubi
  6 worms
  10 dart slugs
  21 orcs
  8 endoplasms
  2 giant cockroaches
  5 goblins
  4 hobgoblins
  12 kobolds
  A quokka (D:2)
  15 ball pythons
  5 bats
  6 frilled lizards
  9 rats
  19 fungi
  72 plants
  19 withered plants (D:6)
481 creatures vanquished.

Notes
Turn   | Place    | Note
-------+----------+-------------------------------------------
     0 | D:1      | jfcaron the Meteoran Earth Elementalist began the quest for
                  | the Orb.
     0 | D:1      | Reached XP level 1. HP: 14/14 MP: 5/5
    75 | D:1      | Reached XP level 2. HP: 20/20 MP: 3/6
    79 | D:1      | Learned a level 2 spell: Passwall
   304 | D:1      | Reached XP level 3. HP: 23/26 MP: 4/8
   308 | D:1      | Learned a level 3 spell: Stone Arrow
   515 | D:2      | Reached XP level 4. HP: 33/33 MP: 5/9
   735 | D:2      | Found a faded altar of an unknown god.
   747 | D:2      | Prayed at the altar of an unknown god.
   747 | D:2      | Became a worshipper of Elyvilon the Healer
   747 | D:2      | Reached * piety under Elyvilon
   764 | D:2      | Found an iron altar of Okawaru.
  1007 | D:3      | Noticed Natasha
  1013 | D:3      | Killed Natasha
  1014 | D:3      | Reached skill level 1 in Conjurations
  1014 | D:3      | Reached XP level 5. HP: 38/38 MP: 4/10
  1015 | D:3      | Noticed Ijyb
  1018 | D:3      | Killed Ijyb
  1037 | D:3      | Found a glowing drain.
  1053 | Sewer    | Entered a sewer
  1070 | Sewer    | Noticed a kobold brigand
  1082 | Sewer    | Killed a kobold brigand
  1083 | Sewer    | Reached XP level 6. HP: 18/45 MP: 0/11
  1116 | Sewer    | Reached skill level 5 in Earth Magic
  1181 | Sewer    | Reached skill level 5 in Conjurations
  1181 | Sewer    | Reached XP level 7. HP: 27/51 MP: 2/12
  1241 | Sewer    | Learned a level 4 spell: Petrify
  1245 | Sewer    | Reached skill level 1 in Fighting
  1249 | Sewer    | HP: 10/52 [poisoned by a kobold brigand (curare-tipped
                  | dart)]
  1422 | Sewer    | Glimpsed the power of Zot.
  1456 | Sewer    | Glimpsed the power of Zot.
  1465 | Sewer    | Reached XP level 8. HP: 62/62 MP: 0/13
  1489 | Sewer    | Glimpsed the power of Zot.
  1522 | D:3      | Noticed Natasha
  1529 | D:3      | Killed Natasha
  1552 | D:3      | Reached ** piety under Elyvilon
  1881 | D:4      | Found a staircase to the Ecumenical Temple.
  1893 | Temple   | Entered the Ecumenical Temple
  1901 | Temple   | Fell from the grace of Elyvilon
  1901 | Temple   | Became a worshipper of Vehumet
  1928 | D:5      | Entered Level 5 of the Dungeon
  2014 | D:5      | Gained mutation: You passively map the area around you.
                  | [Meteoran growth]
  2014 | D:5      | Reached XP level 9. HP: 35/69 MP: 8/14
  2196 | D:5      | Reached skill level 1 in Shields
  2395 | D:6      | Noticed Eustachio
  2400 | D:6      | Killed Eustachio
  2480 | D:6      | Noticed Maggie
  2482 | D:6      | Reached * piety under Vehumet
  2482 | D:6      | Offered knowledge of Freeze by Vehumet.
  2489 | D:6      | HP: 11/69 [Maggie/+1 halberd of pain (11)]
  2490 | D:6      | Killed Maggie
  2491 | D:6      | Reached skill level 5 in Shields
  2491 | D:6      | Reached XP level 10. HP: 11/77 MP: 5/15
  2611 | D:6      | Reached skill level 10 in Earth Magic
  2620 | D:6      | Noticed Blork the orc
  2626 | D:6      | Killed Blork the orc
  2646 | D:6      | Found an ancient bone altar of Kikubaaqudgha.
  2646 | D:6      | Found an opulent altar of Gozag.
  2749 | D:6      | Reached skill level 10 in Conjurations
  2855 | D:7      | Identified the +5 great sword of the Shallot {protect,
                  | rElec rCorr Str-4 SInv}
  2930 | D:6      | Reached skill level 1 in Evocations
  3011 | D:6      | Reached ** piety under Vehumet
  3047 | D:6      | Found the +4 dagger "Morg" {pain, Will+ Int+5}
  3157 | D:6      | Offered knowledge of Magic Dart by Vehumet.
  3170 | D:6      | Learned a level 1 spell: Magic Dart
  3311 | D:7      | Noticed Prince Ribbit
  3317 | D:7      | Killed Prince Ribbit
  3582 | D:8      | Noticed a two-headed ogre
  3589 | D:8      | Killed a two-headed ogre
  3763 | D:8      | Noticed a two-headed ogre
  3768 | D:8      | Killed a two-headed ogre
  3769 | D:8      | Reached XP level 11. HP: 85/85 MP: 8/18
  3853 | D:9      | Offered knowledge of Momentum Strike by Vehumet.
  3882 | D:9      | Reached skill level 5 in Dodging
  3882 | D:9      | Reached skill level 5 in Spellcasting
  3887 | D:9      | HP: 17/85 [poisoned by a killer bee]
  3906 | D:9      | Found a shimmering blue altar of Sif Muna.
  3942 | D:9      | Reached *** piety under Vehumet
  3943 | D:9      | Reached skill level 5 in Fighting
  4003 | D:9      | Found a staircase to the Lair.
  4022 | Lair:1   | Entered Level 1 of the Lair of Beasts
  4063 | Lair:1   | Reached skill level 5 in Evocations
  4131 | Lair:1   | Offered knowledge of Fulminant Prism by Vehumet.
  4138 | Lair:1   | Reached XP level 12. HP: 78/94 MP: 13/20
  4336 | Lair:2   | Reached **** piety under Vehumet
  4347 | Lair:2   | Offered knowledge of Dazzling Flash by Vehumet.
  4417 | Lair:2   | Noticed Gastronok
  4431 | Lair:2   | Killed Gastronok
  4508 | Lair:2   | Found a staircase to the Snake Pit.
  4691 | Lair:3   | HP: 18/94 [elephant (11)]
  4696 | Lair:3   | Reached XP level 13. HP: 33/102 MP: 8/21
  4767 | Lair:3   | Found a staircase to the Swamp.
  4845 | Lair:3   | Noticed a death yak
  4846 | Lair:3   | Noticed a death yak
  4846 | Lair:3   | Noticed a death yak
  4847 | Lair:3   | Noticed a death yak
  4878 | Lair:3   | Killed a death yak
  4883 | Lair:3   | HP: 20/105 [death yak (19)]
  4883 | Lair:3   | HP: 5/105 [black mamba (15)]
  4896 | Lair:3   | Killed a death yak
  4913 | Lair:3   | Reached ***** piety under Vehumet
  4924 | Lair:3   | Killed a death yak
  4950 | Lair:3   | Killed a death yak
  4955 | Lair:3   | Offered knowledge of Flame Wave by Vehumet.
  5028 | Lair:3   | Learned a level 4 spell: Flame Wave
  5037 | Lair:4   | Noticed a six-headed hydra
  5040 | Lair:4   | Killed a six-headed hydra
  5041 | Lair:4   | Reached skill level 1 in Fire Magic
  5058 | Lair:4   | Noticed a five-headed hydra
  5065 | Lair:4   | Killed a five-headed hydra
  5170 | Lair:4   | Noticed an eight-headed hydra
  5180 | Lair:4   | Reached skill level 10 in Dodging
  5184 | Lair:4   | HP: 21/111 [black mamba (13)]
  5187 | Lair:4   | HP: 10/111 [eight-headed hydra (6)]
  5192 | Lair:4   | Killed an eight-headed hydra
  5201 | Lair:5   | Entered Level 5 of the Lair of Beasts
  5208 | Lair:4   | Reached XP level 14. HP: 88/118 MP: 15/22
  5278 | Lair:5   | Reached skill level 5 in Fire Magic
  5280 | Lair:5   | Reached skill level 10 in Fighting
  5520 | Lair:5   | HP: 12/124 [death yak (19)]
  5520 | Lair:5   | HP: 4/124 [death yak (8)]
  5521 | Lair:5   | Mangled by a death yak

Illustrated notes

Levels and vault maps discovered:
D:1:      dpeg_arrival_solitude, layout_loops_ring, serial_forest,
          infiniplex_forest_end_2, infiniplex_forest_lined_1,
          infiniplex_forest_end_1, infiniplex_forest_clump_small
D:2:      layout_basic, basic_altar, hellmonk_ecumenical_altar_lost_god
D:3:      layout_rooms, cheibrodos_sewer_entry_sluice, uniq_jessica, uniq_ijyb,
          uniq_natasha
D:4:      layout_basic, temple_statues, minmay_cut_off
D:5:      kennysheep_slugbush, layout_basic, serial_curves, eino_curves_02,
          eino_curves_03, eino_curves_02, eino_curves_03, minmay_misc_feat_rows
D:6:      layout_basic, gammafunk_temple_overflow_wave,
          dilly_guarded_unrand_morg, uniq_blork_the_orc, uniq_maggie,
          uniq_eustachio
D:7:      layout_basic, uniq_prince_ribbit1, uniq_pikel
D:8:      layout_basic, gammafunk_ghost_nasty_kobolds, st_stairs_9, eino_jars
D:9:      kennysheep_blocky_hall, layout_cave_pools, led_sif_pool,
          david_lair_shrubbed, kennysheep_generic_room_10
Temple:   eino_narrow_crystal_temple
Lair:1:   kb_forest_paths, layout_hall_layers, lemuel_fruit_fields
Lair:2:   layout_roguey, minmay_snake_entry_guardpost_small,
          serial_bayou_crossing, infiniplex_staircase_pool, uniq_gastronok
Lair:3:   layout_chaotic_city, skrybe_swamp_entry_bodies
Lair:4:   layout_roguey, grunt_megastairs_3, serial_bayou_shore_b,
          serial_bayou_shore_a
Lair:5:   minmay_lair_end_frog_pond, layout_loops_ring, dpeg_slime_entry_corner

Skill      XL: |  1  2  3  4  5  6  7  8  9 10 11 12 13 14 |
---------------+-------------------------------------------+-----
Spellcasting   | 3 4 5 6 |  6.1
Transmutations | 2 3 |  3.0
Earth Magic    | 4 5 6 7 9 10 12 14 | 14.0
Dodging        | 3 4 5 10 12 | 12.0
Stealth        | 2 |  2.0
Conjurations   | 1 3 5 6 7 8 10 12 14 | 14.0
Fighting       | 2 3 4 5 9 11 | 11.3
Shields        | 5 6 7 |  7.0
Evocations     | 3 5 |  5.0
Fire Magic     | 4 7 |  7.0

Action                   |  1- 3 |  4- 6 |  7- 9 | 10-12 | 13-15 || total
-------------------------+-------+-------+-------+-------+-------++-------
Melee: Unarmed           |     5 |    13 |    14 |       |       ||    32
       Whip              |       |       |    13 |    17 |       ||    30
       Dagger            |       |       |       |    38 |    12 ||    50
Throw: Dart              |       |     2 |     7 |     9 |       ||    18
 Cast: Sandblast         |    26 |    45 |   128 |   208 |    87 ||   494
       Stone Arrow       |       |     4 |    29 |    65 |    85 ||   183
       Magic Dart        |       |       |       |     9 |       ||     9
       Petrify           |       |       |       |     2 |     1 ||     3
       Flame Wave        |       |       |       |       |    21 ||    21
Evoke: Wand              |       |     6 |     4 |    14 |    15 ||    39
  Use: Scroll            |     4 |     4 |     6 |    10 |     2 ||    26
       Potion            |       |     2 |     1 |       |     1 ||     4
 Stab: Petrified         |       |       |       |     4 |       ||     4
Armor: Robe              |     1 |    10 |    29 |       |       ||    40
       Steam dragon scal |       |       |       |    83 |    75 ||   158
Dodge: Dodged            |     1 |    25 |    64 |   170 |   178 ||   438
Block: Buckler           |       |       |     3 |    82 |    76 ||   161

Table legend: (Time is in decaauts)
 A = Elapsed time spent in this place.
 B = Non-inter-level travel time spent in this place.
 C = Inter-level travel time spent in this place.
 D = Time resting spent in this place.
 E = Time spent auto-exploring this place.
 F = Levels seen in this place.
 G = Mean time per level.
                   A        B        C        D        E       F      G
               +--------+--------+--------+--------+--------+-----+--------+
         Total |   5920 |   5704 |    216 |      0 |   2032 |  16 |  370.0 |
       Dungeon |   3698 |   3482 |    216 |      0 |   2032 |   9 |  410.9 |
        Temple |     16 |     16 |      0 |      0 |      0 |   1 |   16.0 |
          Lair |   1611 |   1611 |      0 |      0 |      0 |   5 |  322.2 |
         Sewer |    594 |    594 |      0 |      0 |      0 |   1 |  594.0 |
               +--------+--------+--------+--------+--------+-----+--------+

Top non-repeatable levels by time:
     D:6: 736 daAuts
   Sewer: 594 daAuts
     D:2: 585 daAuts
     D:8: 516 daAuts
     D:5: 462 daAuts
  Lair:3: 454 daAuts
     D:1: 442 daAuts
  Lair:1: 354 daAuts
     D:4: 321 daAuts
  Lair:2: 288 daAuts
  Lair:5: 280 daAuts
     D:7: 271 daAuts
  Lair:4: 232 daAuts
     D:9: 186 daAuts
     D:3: 176 daAuts
